 Dungeon Crawl Stone Soup version 0.20.1-1-g8b1a95d (webtiles) character file.

2186 Folque the Conjurer (level 9, -1/61 HPs)
             Began as an Octopode Wizard on Nov 15, 2017.
             Slain by a hornet zombie (12 damage)
             ... on level 6 of the Dungeon.
             The game lasted 00:30:09 (6824 turns).

Folque the Conjurer (Octopode Wizard)               Turns: 6824, Time: 00:30:09

Health: -1/61      AC:  1    Str:  6    XL:     9   Next: 33%
Magic:  2/18       EV: 13    Int: 24    God:
Gold:   287        SH:  4    Dex: 10    Spells: 12/20 levels left

rFire    + . .     SeeInvis .   A - +4 long sword (vamp)
rCold    x . .     Gourm    .   e - +0 buckler
rNeg     . . .     Faith    +   a - +0 hat
rPois    .         Spirit   .   d - amulet of faith
rElec    .         Reflect  .   h - ring of fire
rCorr    .         Harm     .   (no ring)
MR       .....                  (no ring)
Stlth    +++.......             (no ring)
Regen    0.2/turn               (no ring)
MPRegen  0.2/turn               (no ring)
                                (no ring)
                                (no ring)

@: no status effects
A: almost no armour, stealthy swim, amphibious, 8 rings, constrict 8, camouflage
1, gelatinous body 1
a: no special abilities


You were on level 6 of the Dungeon.
You were not hungry.

You visited 1 branch of the dungeon, and saw 6 of its levels.
You also visited: Ossuary.

You collected 287 gold pieces.

Inventory:

Hand Weapons
 k - a +0 hand axe
 m - a +0 dagger of venom
 z - a +0 scythe
 A - a +4 vampiric long sword (weapon)
Missiles
 p - 5 steel tomahawks (quivered)
Armour
 a - a +0 hat (worn)
 e - a +0 buckler (worn)
Jewellery
 d - an amulet of faith (around mantle)
 h - a ring of fire (left tentacle)
Wands
 v - a wand of acid (5/15)
 y - a wand of polymorph (17/24)
 J - a wand of acid (2/15)
Scrolls
 c - 2 scrolls of immolation {unknown}
 f - a scroll of identify
 g - 2 scrolls of enchant armour {unknown}
 j - 11 scrolls of remove curse
 n - 2 scrolls of random uselessness {unknown}
 o - a scroll of recharging {unknown}
 r - 4 scrolls of amnesia
 w - 4 scrolls of enchant weapon
 H - a scroll of magic mapping
Potions
 i - 2 potions of lignification
 l - 5 potions of curing
 q - 3 potions of flight
 s - a potion of magic {unknown}
 t - 2 potions of mutation
 u - a potion of resistance {unknown}
 x - 2 potions of invisibility
 B - 2 potions of might
 F - a potion of haste {unknown}
Books
 b - a book of Minor Magic

   Spells                             Type                      Level
   a - Magic Dart                     Conjuration                  1
   b - Blink                          Translocation                2
   c - Call Imp                       Summoning                    2
   d - Slow                           Hexes                        2
   e - Conjure Flame                  Conjuration/Fire             3
   f - Mephitic Cloud                 Conjuration/Poison/Air       3
Comestibles
 C - 2 meat rations
 D - a bread ration
 E - a chunk of flesh
 G - a royal jelly
 I - a fruit


   Skills:
 - Level 5.0 Fighting
 - Level 1.1 Long Blades
 - Level 2.0 Dodging
 - Level 2.6 Stealth
 - Level 4.0 Shields
 + Level 6.3 Spellcasting
 * Level 7.3 Conjurations
 - Level 1.0 Summonings
 - Level 1.0 Translocations
 - Level 3.0 Poison Magic


You had 12 spell levels left.
You knew the following spells:

 Your Spells              Type           Power        Failure   Level  Hunger
a - Magic Dart            Conj           ####         1%          1    None
b - Call Imp              Summ           ##......     8%          2    None
c - Blink                 Tloc           N/A          8%          2    None
d - Mephitic Cloud        Conj/Pois/Air  ###.....     5%          3    None


Dungeon Overview and Level Annotations

Branches:
Dungeon (6/15)
 Temple: D:4-7

Altars:
Ashenzari
Elyvilon
Vehumet

Annotations:
D:6 2 transporters, 1 runed door


Innate Abilities, Weirdness & Mutations

You cannot wear most types of armour.
You are very stealthy in the water. (Stealth+)
You are amphibious.
You can wear up to eight rings at the same time.
You can use your tentacles to constrict eight enemies at once.
Your skin changes colour to match your surroundings (Stealth+).
Your rubbery body absorbs attacks. (AC +1, EV +1)


Message History

The hornet zombie is heavily damaged.
You constrict the hornet zombie. You constrict the bullfrog.
You kill the bullfrog!
The hornet zombie misses you. You block the hornet zombie's attack.
You hit the orc wizard.
You feel better.
You grab the orc wizard.
The orc wizard is heavily wounded.
You constrict the hornet zombie. You constrict the orc wizard.
The hornet zombie hits you! You block the hornet zombie's attack.
The orc wizard hits the hornet zombie with a dagger.
You hit the orc wizard.
You feel better.
You kill the orc wizard!
You constrict the hornet zombie. The hornet zombie hits you!
The hornet zombie hits you.
* * * LOW HITPOINT WARNING * * *
You hit the hornet zombie.
The hornet zombie is severely damaged.
You constrict the hornet zombie. The hornet zombie hits you.
* * * LOW HITPOINT WARNING * * *
The hornet zombie hits you!
You die...

#....#........#...
#....'........#...
#....#........#...
#....#..########'#
#....#####..###...
#....# .........
#....# .........
#.)..# .........
#@Z†)#'###########
#.........
#.........
#.........
#....)....
###+#..... ......
.... ....


You could see a hornet zombie.

Vanquished Creatures
  Grinder (D:5)
  Sigmund (D:4)
  Duvessa (D:4)
  A sky beast (D:6)
  A phantom (D:6)
  An ogre (D:6)
  4 bullfrogs (D:6)
  Dowan (D:4)
  A scorpion (D:3)
  A bullfrog zombie (D:4)
  3 centaur zombies
  3 crimson imps
  Crazy Yiuf (D:4)
  3 hounds
  Natasha (thrice) (D:2)
  An iguana (D:5)
  5 worker ants
  5 orc wizards
  A big kobold zombie (Ossuary)
  2 hound skeletons (D:4)
  3 mummies (Ossuary)
  4 adders
  6 gnolls (D:4)
  A shadow imp (D:5)
  An ooze (D:4)
  A worm (D:3)
  2 leopard geckos
  15 orcs
  7 bats
  6 giant cockroaches
  A gnoll zombie (Ossuary)
  7 goblins
  2 hobgoblins
  5 jackals
  2 quokkas
  2 ball pythons
  5 frilled lizards
  A goblin zombie (Ossuary)
  A jackal skeleton (D:6)
  4 kobolds (D:1)
  2 kobold zombies (Ossuary)
  An orc zombie (Ossuary)
  A quokka zombie (D:5)
  7 rats
127 creatures vanquished.

Vanquished Creatures (collateral kills)
  The ghost of Mlkhall the Magician, a novice VSWz of Sif Muna (D:5)
  A centaur (D:5)
  A gnoll shaman (D:4)
  A mummy (Ossuary)
  2 gnolls (D:4)
  4 adders
  2 worms
  A leopard gecko (D:4)
  2 orcs (D:4)
  A hobgoblin (D:2)
  2 jackals (D:5)
  A rat (D:2)
19 creatures vanquished.

Grand Total: 146 creatures vanquished

Notes
Turn   | Place    | Note
-------+----------+-------------------------------------------
     0 | D:1      | Folque the Octopode Wizard began the quest for the Orb.
     0 | D:1      | Reached XP level 1. HP: 11/11 MP: 4/4
   187 | D:1      | Reached skill level 1 in Fighting
   252 | D:1      | Reached XP level 2. HP: 17/18 MP: 3/6
   350 | D:1      | Learned a level 2 spell: Call Imp
   353 | D:1      | Learned a level 2 spell: Blink
  1165 | D:2      | Reached XP level 3. HP: 19/24 MP: 3/7
  1170 | D:2      | Learned a level 3 spell: Mephitic Cloud
  1389 | D:2      | You fall through a shaft for 2 floors!
  1399 | D:4      | Reached skill level 1 in Poison Magic
  1501 | D:4      | Reached XP level 4. HP: 20/29 MP: 7/9
  1623 | D:4      | Reached skill level 2 in Conjurations
  1624 | D:4      | Reached XP level 5. HP: 33/34 MP: 0/10
  2048 | D:3      | Reached skill level 3 in Conjurations
  2277 | D:2      | Reached XP level 6. HP: 24/39 MP: 10/12
  2562 | D:2      | Noticed Natasha
  2571 | D:2      | Killed Natasha
  3019 | D:2      | Noticed Natasha
  3030 | D:2      | Killed Natasha
  3130 | D:2      | Noticed Natasha
  3143 | D:2      | Killed Natasha
  3143 | D:2      | Reached skill level 1 in Shields
  3908 | D:4      | Noticed Sigmund
  3918 | D:4      | Killed Sigmund
  3918 | D:4      | Reached XP level 7. HP: 45/45 MP: 9/13
  3921 | D:4      | Reached skill level 4 in Conjurations
  4527 | D:4      | Noticed Dowan
  4534 | D:4      | Noticed Duvessa
  4537 | D:4      | Killed Dowan
  4570 | D:4      | Killed Duvessa
  4570 | D:4      | Reached skill level 5 in Spellcasting
  4690 | D:4      | Reached XP level 8. HP: 48/50 MP: 15/15
  4747 | D:4      | Found a runed door.
  4751 | D:4      | Noticed Crazy Yiuf
  4758 | D:4      | Killed Crazy Yiuf
  4758 | D:4      | Reached skill level 5 in Conjurations
  4998 | D:5      | Entered Level 5 of the Dungeon
  5042 | D:5      | Noticed Grinder
  5057 | D:5      | Killed Grinder
  5063 | D:5      | Noticed Mlkhall's ghost (novice VSWz)
  5105 | D:5      | HP: 2/51 [centaur/arrow (12)]
  5107 | D:5      | Killed Mlkhall's ghost
  5115 | D:5      | Found a shattered altar of Ashenzari.
  5165 | D:5      | Found a sand-covered staircase.
  5179 | Ossuary  | Entered an ossuary
  5510 | Ossuary  | Reached skill level 6 in Conjurations
  5960 | D:5      | Found a radiant altar of Vehumet.
  6255 | D:6      | Found a transporter.
  6263 | D:6      | Found a transporter.
  6328 | D:6      | Reached skill level 5 in Fighting
  6328 | D:6      | Reached XP level 9. HP: 45/61 MP: 7/17
  6481 | D:6      | Found a white marble altar of Elyvilon.
  6482 | D:6      | Found a runed door.
  6482 | D:6      | Noticed an angel
  6512 | D:6      | Reached skill level 1 in Long Blades
  6779 | D:6      | Reached skill level 7 in Conjurations
  6824 | D:6      | Slain by a hornet zombie

Skill      XL: |  1  2  3  4  5  6  7  8  9 |
---------------+----------------------------+-----
Fighting       | 1 2 5 |  5.0
Poison Magic   | 1 2 3 |  3.0
Conjurations   | 2 3 4 6 7 |  7.3
Spellcasting   | 4 5 6 |  6.3
Shields        | 3 4 |  4.0
Long Blades    | 1 |  1.1
Dodging        | |  2.0
Stealth        | |  2.6
Summonings     | |  1.0
Translocations | |  1.0

Action                   |  1- 3 |  4- 6 |  7- 9 || total
-------------------------+-------+-------+-------++-------
Melee: Unarmed           |    14 |       |       ||    14
       Constrict         |    18 |    31 |    61 ||   110
       Club              |     3 |       |       ||     3
       Tentacles         |     6 |    15 |    31 ||    52
       Hand axe          |    25 |       |       ||    25
       Dagger            |    16 |   109 |     2 ||   127
       Long sword        |       |       |   192 ||   192
       Scythe            |       |       |     8 ||     8
 Cast: Magic Dart        |     2 |     3 |    10 ||    15
       Call Imp          |     7 |    21 |    30 ||    58
       Mephitic Cloud    |       |     9 |    20 ||    29
       Blink             |       |       |     7 ||     7
Evoke: Wand              |       |       |     1 ||     1
  Use: Scroll            |     1 |     1 |     9 ||    11
       Potion            |       |       |     2 ||     2
 Stab: Sleeping          |     8 |     5 |     3 ||    16
       Distracted        |     1 |       |     1 ||     2
       Confused          |       |     2 |     9 ||    11
  Eat: Chunk             |     2 |     8 |     3 ||    13
       Meat ration       |       |       |     2 ||     2
       Bread ration      |       |       |     1 ||     1
       Royal jelly       |       |       |     1 ||     1
Armor: Skin              |     9 |     2 |     7 ||    18
Dodge: Dodged            |    27 |    44 |   107 ||   178
Block: Buckler           |       |       |    38 ||    38
       Rpst.: Long sword |       |       |    27 ||    27
